 Dungeon Crawl Stone Soup version 0.18-a0-185-gabf895a (webtiles) character file.

72 Proton the Skirmisher (level 4, 0/43 HPs)
             Began as a Naga Fighter on Nov 24, 2015.
             Slain by a rat (1 damage)
             ... on level 2 of the Dungeon.
             The game lasted 00:02:22 (1037 turns).

Proton the Skirmisher (Naga Fighter)                Turns: 1037, Time: 00:02:22

Health: 0/43       AC:  4    Str: 19    XL:     4   Next: 25%
Magic:  4/4        EV:  6    Int:  8    God:
Gold:   48         SH:  0    Dex: 11    Spells: 0 memorised, 3 levels left

rFire  . . .     SeeInvis +     a - +0 flail
rCold  . . .     Clarity  .     n - +0 ring mail (curse)
rNeg   . . .     SustAt   .     c - +0 shield
rPois  +         Gourm    .     (no helmet)
rElec  .         Spirit   .     (no cloak)
rCorr  .         Warding  .     (no gloves)
rMut   .         Stasis   .     (no barding)
MR     .....                    (no amulet)
Stlth  ..........               (no ring)
                                (no ring)

@: confused, lethally poisoned (0 -> -1), very slow, not resistant to hostile
enchantments, extremely unstealthy
A: see invisible, deformed body, poison resistance, slowness 2, slow metabolism
1, spit poison 2, AC +1
a: Spit Poison


You were on level 2 of the Dungeon.
You were not hungry.

You visited 1 branch of the dungeon, and saw 2 of its levels.

You collected 48 gold pieces.

Inventory:

Hand Weapons
 a - a +0 flail (weapon)
Armour
 c - a +0 shield (worn)
 n - a cursed +0 ring mail (worn)
Scrolls
 h - a scroll of remove curse {unknown}
 k - a scroll of amnesia {unknown}
 l - 2 scrolls of teleportation {unknown}
 m - a scroll of fear {unknown}
Potions
 b - a potion of cancellation {unknown}
 d - a potion of might
 f - a potion of ambrosia {unknown}
 g - a potion of haste {unknown}
 i - 3 potions of brilliance {unknown}
Comestibles
 e - 3 bread rations


   Skills:
 + Level 3.6 Fighting
 + Level 2.4 Maces & Flails
 + Level 2.9 Armour
 + Level 0.8 Dodging
 + Level 2.7 Shields


You had 3 spell levels left.
You didn't know any spells.

Dungeon Overview and Level Annotations

Branches:
Dungeon (2/15)

Altars:

Annotations:
D:2 Jessica


Innate Abilities, Weirdness & Mutations

You cannot wear boots.
Your serpentine skin is tough (AC +1).
You have supernaturally acute eyesight.
Armour fits poorly on your strangely shaped body.
Your system is resistant to poisons.
You cover ground very slowly.
You have a slow metabolism.
You can spit poison.


Message History

Jessica zaps a wand.
You are more confused.
The adder barely misses you. Jessica gestures at you while chanting.
Pain shoots through your body!
* * * LOW HITPOINT WARNING * * *
The adder bites you but does no damage.
Jessica zaps a wand.
You are more confused.
The adder barely misses you.
A worm comes into view.
You're too confused!
Firing (i - inventory): No suitable missiles.
Press: ? - help, Shift-Dir - straight line, f - Jessica
Aim: Jessica, wielding a club, wearing a robe and carrying a wand of confusion {zapped: 4}
Okay, then.
Your shield prevents you from hitting Jessica.
Jessica says, "I'm really upset."
Jessica zaps a wand.
You resist with some effort. The adder barely misses you. The rat bites you.
You die...

###..#.####..........
...........#..<......#
###........#.........#
##.......#....$....#
#.................#
.>..........†......#
#.....<..............
#.#######...S.......#
.. #...@@......$
#%...r.......
#...#.##..###.
.......# .... .#.#..#
.#### ...... .# ....$.
..w..


You could see a worm, an adder, Jessica and a rat.

Vanquished Creatures
  Robin (D:2)
  An adder (D:2)
  8 bats (D:1)
  14 goblins
  6 hobgoblins
  2 jackals (D:1)
  4 kobolds (D:1)
  2 giant cockroaches (D:1)
  A giant gecko (D:2)
  2 giant newts (D:1)
  12 rats
53 creatures vanquished.

Notes
Turn   | Place    | Note
--------------------------------------------------------------
     0 | D:1      | Proton the Naga Fighter began the quest for the Orb.
     0 | D:1      | Reached XP level 1. HP: 21/21 MP: 1/1
    83 | D:1      | Reached XP level 2. HP: 25/28 MP: 2/2
   377 | D:1      | Reached XP level 3. HP: 34/34 MP: 3/3
   677 | D:2      | Noticed Robin
   685 | D:2      | Killed Robin
   993 | D:1      | Reached XP level 4. HP: 22/42 MP: 4/4
  1028 | D:2      | Noticed Jessica
  1036 | D:2      | HP: 1/43 [Jessica/nerve-wracking pain (3)]
  1037 | D:2      | Slain by a rat

Vault maps used:
D:1:      dpeg_arrival_pond, minmay_splitting_lines, minmay_rat_gold_closets
D:2:      gammafunk_temple_overflow_wave, marbit_many_paths, uniq_iyjb,
          uniq_jessica, uniq_robin

Action                   |  1- 3 |  4- 6 || total
-------------------------+-------+-------++-------
Melee: Flail             |   141 |    18 ||   159
 Abil: Spit Poison       |     1 |     1 ||     2
